 Dungeon Crawl Stone Soup version 0.22.2-1-ge965b3aba3 (webtiles) character file.

68287 ocehb the Thaumaturge (level 15, 115/115 HPs)
             Began as a Gnoll Wanderer on Dec 21, 2021.
             Was a High Priest of Ashenzari.
             Quit the game on level 13 of the Dungeon on Jan 15, 2022.
             The game lasted 01:48:18 (25207 turns).

ocehb the Thaumaturge (Gnoll Wanderer)             Turns: 25207, Time: 01:48:19

Health: 115/115    AC: 10    Str: 24    XL:     15   Next: 26%
Magic:  31/32      EV: 21    Int: 22    God:    Ashenzari [*****.]
Gold:   494        SH: 17    Dex: 16    Spells: 2/40 levels left

rFire    + . .     SeeInvis +   z - +7 rapier of Recklessness {freeze, +Blink rN+ Str+6 Dex-2} (curse)
rCold    + . .     Gourm    .   o - +2 shield {rF+} (curse)
rNeg     + . .     Faith    .   W - +0 robe of Heresy {rCorr Slay+5} (curse)
rPois    +         Spirit   .   n - +0 helmet (curse)
rElec    .         Reflect  +   N - +2 cloak {+Inv} (curse)
rCorr    +         Harm     .   (no gloves)
MR       +....     Clarity  +   s - +1 pair of boots (curse)
Stlth    +++++.....             Y - +2 amulet of reflection (curse)
HPRegen  0.29/turn              R - ring of poison resistance
MPRegen  0.23/turn              M - ring of the Final Decision {+Fly rC+ Int+4 Dex+4} (curse)

@: very slightly contaminated
A: distributed training, fangs 1, strong nose
a: Curse Item, Scrying, Renounce Religion, Evoke Blink, Evoke Invisibility,
Evoke Flight


You were on level 13 of the Dungeon.
You worshipped Ashenzari.
Ashenzari was extremely pleased with you.
You were not hungry.

You visited 3 branches of the dungeon, and saw 20 of its levels.

You collected 1169 gold pieces.
You spent 675 gold pieces at shops.

Inventory:

Hand Weapons
 z - the cursed +7 rapier of Recklessness (weapon) {freeze, +Blink rN+ Str+6 Dex-2}
   (You found it on level 4 of the Dungeon)

   It has been specially enchanted to freeze those struck by it, causing extra
   injury to most foes and up to half again as much damage against particularly
   susceptible opponents.
   It can also slow down cold-blooded creatures.
   It affects your strength (+6).
   It affects your dexterity (-2).
   It protects you from negative energy.
   It lets you blink.
   It has a curse placed upon it.
Missiles
 i - 279 arrows
 j - 8 javelins (quivered)
 I - 2 poisoned javelins
 J - 2 throwing nets
Armour
 n - a cursed +0 helmet (worn)
 o - a cursed +2 shield of fire resistance (worn)
 s - a cursed +1 pair of boots (worn)
 N - a cursed +2 cloak of invisibility (worn)
 W - the cursed +0 robe of Heresy (worn) {rCorr Slay+5}
   (You found it on level 9 of the Dungeon)

   It affects your accuracy and damage with ranged weapons and melee attacks
   (+5).
   It provides partial protection from all sources of acid and corrosion.
   It has a curse placed upon it.
Jewellery
 M - the cursed ring of the Final Decision (right hand) {+Fly rC+ Int+4 Dex+4}
   (You took it off an orc on level 7 of the Dungeon)

   [ring of flight]

   It affects your intelligence (+4).
   It affects your dexterity (+4).
   It protects you from cold.
   It lets you fly.
   It has a curse placed upon it.
 R - a ring of poison resistance (left hand)
 Y - a cursed +2 amulet of reflection (around neck)
Wands
 c - a wand of acid (6)
 y - a wand of enslavement (11)
 A - a wand of scattershot (11)
 F - a wand of flame (27)
 O - a wand of paralysis (13)
 Q - a wand of digging (7)
 T - a wand of disintegration (7)
 V - a wand of iceblast (18)
Scrolls
 a - 6 scrolls of enchant weapon
 e - 5 scrolls of enchant armour
 g - a scroll of blinking
 m - 4 scrolls of magic mapping
 r - a scroll of identify
 t - 9 scrolls of teleportation
 x - 4 scrolls of remove curse
 B - 4 scrolls of immolation
 C - a scroll of holy word
 E - 3 scrolls of fog
 G - 2 scrolls of fear
Potions
 d - a potion of might
 h - 2 potions of haste
 l - 2 potions of ambrosia
 p - a potion of cancellation
 q - 7 potions of curing
 u - 3 potions of mutation
 v - 3 potions of magic
 w - 5 potions of heal wounds
 D - 3 potions of lignification
 H - 2 potions of brilliance
 K - 3 potions of agility
 L - 3 potions of flight
 S - 5 potions of resistance
 X - a potion of invisibility
Miscellaneous
 k - a phial of floods
 P - a lightning rod (4/4)
 U - a box of beasts
Comestibles
 b - 7 chunks of flesh
 f - 43 rations


   Skills:
 + Level 9.7 Fighting
 + Level 9.7(13.5) Short Blades
 + Level 9.7 Long Blades
 + Level 9.7 Axes
 + Level 9.7 Maces & Flails
 + Level 9.7 Polearms
 + Level 9.7 Staves
 + Level 9.7 Slings
 + Level 9.7 Bows
 + Level 9.7 Crossbows
 + Level 9.7 Throwing
 + Level 9.7 Armour
 + Level 9.7(12.2) Dodging
 + Level 10.0(12.5) Stealth
 + Level 10.1(12.5) Shields
 + Level 9.7 Unarmed Combat
 + Level 13.0 Spellcasting
 + Level 8.2(10.8) Conjurations
 + Level 8.2(10.8) Hexes
 + Level 8.2(10.8) Charms
 + Level 9.1(11.6) Summonings
 + Level 8.2(10.8) Necromancy
 + Level 9.1(11.6) Translocations
 + Level 8.2(10.8) Transmutations
 + Level 8.2(10.8) Fire Magic
 + Level 8.2(10.8) Ice Magic
 + Level 8.2(10.8) Air Magic
 + Level 8.2(10.8) Earth Magic
 + Level 8.2(10.8) Poison Magic
 + Level 10.6 Invocations
 + Level 9.7(12.2) Evocations


You had 2 spell levels left.
You knew the following spells:

 Your Spells              Type           Power        Failure   Level  Hunger
a - Inner Flame           Hex/Fire       ######..     1%          3    None
b - Conjure Flame         Conj/Fire      ######..     1%          3    None
c - Petrify               Tmut/Erth      ######..     1%          4    None
d - Fireball              Conj/Fire      ######....   1%          5    ###....
e - Passwall              Tmut/Erth      ######..     1%          2    None
f - Apportation           Tloc           ######       1%          1    None
h - Sticky Flame          Conj/Fire      ######..     1%          4    None
i - Sticks to Snakes      Tmut           ######..     1%          2    None
o - Mephitic Cloud        Conj/Pois/Air  ######..     1%          3    None
p - Gell's Gravitas       Tloc           ######....   1%          3    None
r - Invisibility          Hex            ######..     11%         6    #####..
z - Blink                 Tloc           N/A          1%          2    None

Your spell library contained the following spells:

 Spells                   Type           Power        Failure   Level  Hunger
 Beastly Appendage        Tmut           ######       1%          1    None
 Confusing Touch          Hex            ######       1%          1    None
 Flame Tongue             Conj/Fire      #####        1%          1    None
 Magic Dart               Conj           ####         1%          1    None
 Sandblast                Erth           ######       1%          1    None
 Summon Butterflies       Summ           ######..     1%          1    None
 Call Imp                 Summ           ######..     1%          2    None
 Searing Ray              Conj           ######       1%          2    None
 Slow                     Hex            ######..     1%          2    None
 Throw Flame              Conj/Fire      ######       1%          2    None
 Confuse                  Hex            ######..     1%          3    None
 Dazzling Spray           Conj/Hex       ######       1%          3    None
 Lesser Beckoning         Tloc           ######....   1%          3    None
 Spider Form              Tmut/Pois      ######....   1%          3    None
 Stone Arrow              Conj/Erth      ######       1%          3    None
 Summon Guardian Golem    Hex/Summ       ######..     1%          3    None
 Tukima's Dance           Hex            ######..     1%          3    None
 Force Lance              Conj/Tloc      ######..     1%          4    None
 Fulminant Prism          Conj/Hex       ######....   1%          4    None
 Ice Form                 Ice/Tmut       ######..     1%          4    None
 Iskenderun's Mystic Bla  Conj           ######..     1%          4    None
 Alistair's Intoxication  Tmut/Pois      ######..     1%          5    ###....
 Blade Hands              Tmut           ######....   1%          5    ###....
 Lee's Rapid Deconstruct  Erth           ######....   1%          5    ###....
 Metabolic Englaciation   Hex/Ice        ######....   1%          5    ###....
 Yara's Violent Unravell  Hex/Tmut       ######....   1%          5    ###....


Dungeon Overview and Level Annotations

Branches:
Dungeon (13/15)            Temple (1/1) D:5            Lair (6/6) D:8
  Swamp (0/4) Lair:2        Snake (0/4) Lair:3        Slime (0/5) Lair:5
    Orc (0/2) D:11         Vaults (0/5) D:13

Altars:
Ashenzari
Cheibriados
Dithmenos
Elyvilon
Fedhas
Gozag
Hepliaklqana
Kikubaaqudgha
Makhleb
Nemelex Xobeh
Okawaru
Qazlal
Ru
Sif Muna
Trog
Uskayaw
Vehumet
Wu Jian
Xom
Yredelemnul
Zin
The Shining One
Jiyva

Shops:
D:7 !   D:10 }   D:13 *

Annotations:
D:13 exclusion: obsidian statue


Innate Abilities, Weirdness & Mutations

Your experience applies equally to all skills.
You have very sharp teeth.
Your uncanny sense of smell can sniff out nearby items.


Message History

The helpless cyan ugly thing fails to defend itself.
You skewer the cyan ugly thing like a kebab!!!!
You freeze the cyan ugly thing!
You kill the cyan ugly thing!
Press: ? - help, v - describe, . - travel
Here: an obsidian statue (hasn't noticed you)
The floor.
Casting: Passwall (safe; 1% risk of failure)
Confirm with . or Enter, or press ? or * to list all spells.
Okay, then.
Okay, then.
Casting: Passwall (safe; 1% risk of failure)
Confirm with . or Enter, or press ? or * to list all spells.
Okay, then.
Saving game... please wait.
Level annotation: exclusion: obsidian statue Welcome back, ocehb the Gnoll Wanderer.
Ashenzari says: Partake of my vision.
Partake of my curse.
Press ? for a list of commands and other information.
Are you sure you want to abandon this character and quit the game? (Confirm with "yes".)

,, ,, ......[....)..# #.
* ,
,......8.......########.
* , ,
.......................
,
..............########.
* *#.............# #.
#......†......# #.
#......†......# #.
*##.###.####..########.
#.##@.####...........
#....................
#....................
#..##################
#..* *** ** **#..* *
,,,, ,..,* , , ... * *
****, ***** * *#########


There were no monsters in sight!

Vanquished Creatures
  Kirke (Lair:5)
  Snorg (Lair:6)
  An ettin (D:12)
  Josephine (Lair:5)
  8 hydras
  5 catoblepae
  A centaur warrior (D:13)
  Erica (D:8)
  3 two-headed ogres
  14 death yaks
  An unseen horror (D:12)
  An oklob plant (Lair:4)
  2 necromancers (D:13)
  3 ugly things
  A cyclops (D:12)
  4 manticores
  4 black mambas
  Maurice (D:8)
  12 elephants
  2 gargoyles
  4 centaur skeletons
  12 spiny frogs
  A kobold demonologist (D:7)
  6 komodo dragons
  A rime drake (Lair:5)
  2 trolls (D:12)
  A hornet (D:12)
  6 blink frogs
  6 dream sheep
  7 hippogriffs
  A slime creature (D:7)
  58 yaks
  6 wraiths
  A wyvern (D:11)
  A dire elephant simulacrum (Lair:5)
  A vampire (D:7)
  3 basilisks
  4 hogs (Lair:5)
  A human (Lair:5)
  3 hungry ghosts
  2 vampire mosquitoes (D:12)
  Menkaure (D:4)
  3 nagas (Lair:3)
  An acid dragon (D:12)
  6 water moccasins
  5 porcupines
  2 phantoms
  3 black bears
  2 sky beasts
  3 ice beasts
  4 orc warriors
  A necrophage (D:8)
  2 eyes of draining
  4 wolves (Lair:6)
  10 ogres
  8 centaurs
  7 crocodiles
  13 bullfrogs
  5 big kobolds
  An earth elemental (D:13)
  6 scorpions
  3 troll zombies (D:11)
  12 wights
  5 howler monkeys
  4 centaur zombies
  8 crimson imps
  3 bullfrog zombies
  6 hounds
  A quasit (D:9)
  A komodo dragon simulacrum (Lair:5)
  3 jellies
  A bullfrog skeleton (D:11)
  3 orc priests (D:11)
  12 orc wizards
  3 iguanas
  Natasha (twice) (D:2)
  12 worker ants
  A bullfrog simulacrum (Lair:5)
  5 ogre zombies (D:11)
  3 hound skeletons
  Robin (D:1)
  2 howler monkey zombies
  8 gnolls
  6 adders
  A crocodile simulacrum (Lair:5)
  4 shadow imps
  2 oozes (D:3)
  An adder zombie (D:8)
  An adder skeleton (D:7)
  A worm (D:3)
  4 dart slugs
  4 leopard geckos
  33 orcs
  4 giant cockroaches
  19 goblins
  6 hobgoblins
  12 jackals
  11 kobolds
  5 quokkas
  3 ball pythons
  5 bats
  4 frilled lizards
  A goblin skeleton (D:11)
  2 hobgoblin skeletons (D:11)
  4 hobgoblin zombies (D:11)
  An orc skeleton (D:11)
  17 orc zombies
  3 quokka skeletons
  A quokka zombie (D:8)
  5 rats
  A plant (Lair:4)
541 creatures vanquished.

Vanquished Creatures (collateral kills)
  A catoblepas (Lair:5)
  A centaur warrior (D:13)
  A wolf spider simulacrum (Lair:5)
  A yak (Lair:6)
  A gnoll (D:4)
5 creatures vanquished.

Vanquished Creatures (others)
  A kobold demonologist (D:11)
  3 orc warriors (D:11)
  2 centaurs
  A hound (D:11)
  A worker ant (D:11)
  5 fungi
  8 plants (Lair:6)
21 creatures vanquished.

Grand Total: 567 creatures vanquished

Notes
Turn   | Place    | Note
-------+----------+-------------------------------------------
     0 | D:1      | Reached skill level 9 in Spellcasting
     0 | D:1      | ocehb the Gnoll Wanderer began the quest for the Orb.
     0 | D:1      | ocehb set off with: a scroll of blinking, a +2 dagger, a +0
                  | buckler, a +0 robe, a ration
     0 | D:1      | Reached XP level 1. HP: 13/13 MP: 10/10
     2 | D:1      | Learned a level 1 spell: Confusing Touch
   345 | D:1      | Reached XP level 2. HP: 17/19 MP: 12/12
   679 | D:1      | Reached XP level 3. HP: 22/25 MP: 13/13
  1192 | D:2      | Found a faded altar of an unknown god.
  1196 | D:2      | Noticed Robin
  1367 | D:2      | Reached skill level 1 in Invocations
  1473 | D:1      | Killed Robin
  1473 | D:1      | Reached skill level 1 in Fighting
  1473 | D:1      | Reached skill level 1 in Short Blades
  1473 | D:1      | Reached skill level 1 in Long Blades
  1473 | D:1      | Reached skill level 1 in Axes
  1473 | D:1      | Reached skill level 1 in Maces & Flails
  1473 | D:1      | Reached skill level 1 in Polearms
  1473 | D:1      | Reached skill level 1 in Staves
  1473 | D:1      | Reached skill level 1 in Slings
  1473 | D:1      | Reached skill level 1 in Bows
  1473 | D:1      | Reached skill level 1 in Crossbows
  1473 | D:1      | Reached skill level 1 in Throwing
  1473 | D:1      | Reached skill level 1 in Armour
  1473 | D:1      | Reached skill level 1 in Dodging
  1473 | D:1      | Reached skill level 1 in Unarmed Combat
  1473 | D:1      | Reached skill level 1 in Evocations
  1675 | D:1      | Reached XP level 4. HP: 27/32 MP: 15/15
  2514 | D:3      | Reached skill level 1 in Conjurations
  2514 | D:3      | Reached skill level 1 in Hexes
  2514 | D:3      | Reached skill level 1 in Charms
  2514 | D:3      | Reached skill level 1 in Necromancy
  2514 | D:3      | Reached skill level 1 in Transmutations
  2514 | D:3      | Reached skill level 1 in Fire Magic
  2514 | D:3      | Reached skill level 1 in Ice Magic
  2514 | D:3      | Reached skill level 1 in Air Magic
  2514 | D:3      | Reached skill level 1 in Earth Magic
  2514 | D:3      | Reached skill level 1 in Poison Magic
  2556 | D:3      | Learned a level 2 spell: Sticks to Snakes
  2878 | D:2      | Noticed Natasha
  2891 | D:2      | Killed Natasha
  2891 | D:2      | Reached XP level 5. HP: 19/37 MP: 14/16
  2905 | D:2      | Noticed Natasha
  3047 | D:2      | Killed Natasha
  4049 | D:4      | Got a bone rapier
  4050 | D:4      | Identified the +7 rapier of Recklessness {freeze, +Blink
                  | rN+ Str+6 Dex-2} (You found it on level 4 of the Dungeon)
  4138 | D:4      | Reached XP level 6. HP: 39/44 MP: 18/18
  4746 | D:4      | Noticed Menkaure
  4747 | D:4      | Killed Menkaure
  4747 | D:4      | Reached XP level 7. HP: 50/50 MP: 20/20
  5037 | D:5      | Entered Level 5 of the Dungeon
  5303 | D:5      | Found a staircase to the Ecumenical Temple.
  5429 | Temple   | Entered the Ecumenical Temple
  5696 | Temple   | Became a worshipper of Ashenzari the Shackled
  5852 | D:5      | Found a blossoming altar of Fedhas.
  5854 | D:5      | Found an ancient bone altar of Kikubaaqudgha.
  5854 | D:5      | Found a basalt altar of Yredelemnul.
  6071 | D:5      | Reached XP level 8. HP: 57/57 MP: 15/21
  6993 | D:6      | Learned a level 3 spell: Gell's Gravitas
  7082 | D:7      | Noticed a hippogriff
  7085 | D:7      | Killed a hippogriff
  7154 | D:7      | Found Zivarch's Distillery.
  7160 | D:7      | Bought a potion of degeneration for 15 gold pieces
  7161 | D:7      | Bought a potion of mutation for 120 gold pieces
  7161 | D:7      | Bought a potion of magic for 120 gold pieces
  7177 | D:7      | Reached skill level 10 in Spellcasting
  7377 | D:7      | Learned a level 3 spell: Mephitic Cloud
  7381 | D:7      | Learned a level 3 spell: Conjure Flame
  7484 | D:7      | Found a blossoming altar of Fedhas.
  7661 | D:7      | Reached * piety under Ashenzari
  7739 | D:7      | Reached XP level 9. HP: 62/65 MP: 0/23
  7881 | D:7      | Reached skill level 5 in Summonings
  7881 | D:7      | Reached skill level 5 in Translocations
  7979 | D:7      | Noticed a kobold demonologist
  7980 | D:7      | Identified the amulet "Feminn" {Harm *Drain +Inv rC+ MP-9
                  | Int+4}
  7980 | D:7      | Noticed a manticore
  7987 | D:7      | Killed a manticore
  7996 | D:7      | Killed a kobold demonologist
  7996 | D:7      | Reached skill level 5 in Shields
  7996 | D:7      | Identified the ring of the Final Decision {+Fly rC+ Int+4
                  | Dex+4} (You took it off an orc on level 7 of the Dungeon)
  8002 | D:7      | Identified the cursed +1 halberd "Empit" {drain, rElec}
                  | (You took it off a vampire on level 7 of the Dungeon)
  8002 | D:7      | Reached skill level 5 in Stealth
  8238 | D:7      | Identified the +11 great sword of Deoq {protect, rC+ Str+2
                  | Int+4}
  8491 | D:7      | Learned a level 4 spell: Petrify
  8556 | D:8      | Noticed Erica
  8789 | D:8      | Reached skill level 5 in Invocations
  9417 | D:8      | Killed Erica
  9417 | D:8      | Reached XP level 10. HP: 71/71 MP: 16/24
  9497 | D:8      | Found a staircase to the Lair.
  9607 | D:8      | Noticed Maurice
  9608 | D:8      | Paralysed by Maurice for 6 turns
  9616 | D:8      | Killed Maurice
  9616 | D:8      | Reached skill level 5 in Fighting
  9616 | D:8      | Reached skill level 5 in Short Blades
  9616 | D:8      | Reached skill level 5 in Long Blades
  9616 | D:8      | Reached skill level 5 in Axes
  9616 | D:8      | Reached skill level 5 in Maces & Flails
  9616 | D:8      | Reached skill level 5 in Polearms
  9616 | D:8      | Reached skill level 5 in Staves
  9616 | D:8      | Reached skill level 5 in Slings
  9616 | D:8      | Reached skill level 5 in Bows
  9616 | D:8      | Reached skill level 5 in Crossbows
  9616 | D:8      | Reached skill level 5 in Throwing
  9616 | D:8      | Reached skill level 5 in Armour
  9616 | D:8      | Reached skill level 5 in Dodging
  9616 | D:8      | Reached skill level 5 in Unarmed Combat
  9616 | D:8      | Reached skill level 5 in Evocations
 10015 | D:8      | Noticed a two-headed hydra
 10023 | D:8      | Killed a two-headed hydra
 10578 | D:8      | Reached XP level 11. HP: 79/79 MP: 3/25
 11446 | D:9      | Got the uncursed robe of Heresy {rCorr Slay+5}
 11469 | D:9      | Identified the +0 robe of Heresy {rCorr Slay+5} (You found
                  | it on level 9 of the Dungeon)
 11943 | D:9      | Found a glowing silver altar of Zin.
 12082 | D:10     | Entered Level 10 of the Dungeon
 12082 | D:10     | Found Xuits's Gadget Shop.
 12376 | D:10     | Reached skill level 5 in Conjurations
 12376 | D:10     | Reached skill level 5 in Hexes
 12376 | D:10     | Reached skill level 5 in Charms
 12376 | D:10     | Reached skill level 5 in Necromancy
 12376 | D:10     | Reached skill level 5 in Transmutations
 12376 | D:10     | Reached skill level 5 in Fire Magic
 12376 | D:10     | Reached skill level 5 in Ice Magic
 12376 | D:10     | Reached skill level 5 in Air Magic
 12376 | D:10     | Reached skill level 5 in Earth Magic
 12376 | D:10     | Reached skill level 5 in Poison Magic
 12478 | D:10     | Reached skill level 11 in Spellcasting
 12740 | D:10     | Noticed a two-headed ogre
 12750 | D:10     | Killed a two-headed ogre
 12919 | D:10     | Reached ** piety under Ashenzari
 13220 | D:11     | Noticed a manticore
 13254 | D:11     | Killed a manticore
 13401 | D:11     | Found a staircase to the Orcish Mines.
 14106 | D:11     | Found a shimmering altar of Xom.
 14338 | Lair:1   | Entered Level 1 of the Lair of Beasts
 14593 | Lair:1   | Identified the +0 scale mail of Hedonism {rPois rC+ Int+4}
 14658 | Lair:1   | Learned a level 5 spell: Fireball
 14662 | Lair:1   | Learned a level 3 spell: Inner Flame
 14688 | Lair:1   | Reached *** piety under Ashenzari
 14855 | Lair:1   | Reached XP level 12. HP: 71/89 MP: 8/27
 14976 | Lair:1   | Learned a level 4 spell: Sticky Flame
 16205 | Lair:2   | Reached **** piety under Ashenzari
 16308 | Lair:2   | Found a staircase to the Swamp.
 16973 | Lair:3   | Found a staircase to the Snake Pit.
 17794 | Lair:4   | Reached ***** piety under Ashenzari
 17825 | Lair:4   | Reached XP level 13. HP: 98/98 MP: 28/28
 18137 | Lair:4   | Learned a level 3 spell: Dazzling Spray
 18446 | Lair:5   | Noticed Josephine
 18746 | Lair:5   | Killed Josephine
 18949 | Lair:5   | Noticed Kirke
 18954 | Lair:5   | Reached skill level 12 in Spellcasting
 18962 | Lair:5   | Killed Kirke
 19289 | Lair:5   | Found a transporter.
 19323 | Lair:5   | Found a transporter.
 19424 | Lair:5   | Found a viscous altar of Jiyva.
 19424 | Lair:5   | Found a staircase to the Slime Pits.
 19476 | Lair:6   | Entered Level 6 of the Lair of Beasts
 19753 | Lair:5   | Learned a level 2 spell: Blink
 20136 | Lair:5   | Learned a level 1 spell: Apportation
 20145 | Lair:5   | Learned a level 6 spell: Invisibility
 20679 | Lair:6   | Reached XP level 14. HP: 78/106 MP: 27/30
 21427 | Lair:6   | Identified the +7 flail "Lacoru" {venom, rPois rN++ Str+3
                  | Dex-3}
 21610 | Lair:6   | Noticed Snorg
 21625 | Lair:6   | Killed Snorg
 21829 | Lair:6   | Reached skill level 10 in Invocations
 23789 | D:12     | Found an opulent altar of Gozag.
 23966 | D:12     | Reached XP level 15. HP: 109/114 MP: 27/31
 24551 | D:13     | Found Vozxeru's Pet Rocks.
 24558 | D:13     | Bought a book of Geomancy for 420 gold pieces
 24561 | D:13     | Learned a level 2 spell: Passwall
 24696 | D:13     | Reached skill level 10 in Shields
 24803 | D:13     | Reached skill level 10 in Stealth
 24808 | D:13     | Found a gate to the Vaults.
 25065 | D:13     | Reached skill level 13 in Spellcasting
 25110 | D:13     | Found an iron altar of Okawaru.
 25207 | D:13     | Quit the game

Skill      XL: |  1  2  3  4  5  6  7  8  9 10 11 12 13 14 15 |
---------------+----------------------------------------------+-----
Spellcasting   | 10 11 12 13 | 13.0
Invocations    | 1 2 3 4 5 6 7 8 9 10 | 10.6
Fighting       | 1 2 3 4 5 6 7 8 9 |  9.7
Short Blades   | 1 2 3 4 5 6 7 8 9 |  9.7
Long Blades    | 1 2 3 4 5 6 7 8 9 |  9.7
Axes           | 1 2 3 4 5 6 7 8 9 |  9.7
Maces & Flails | 1 2 3 4 5 6 7 8 9 |  9.7
Polearms       | 1 2 3 4 5 6 7 8 9 |  9.7
Staves         | 1 2 3 4 5 6 7 8 9 |  9.7
Slings         | 1 2 3 4 5 6 7 8 9 |  9.7
Bows           | 1 2 3 4 5 6 7 8 9 |  9.7
Crossbows      | 1 2 3 4 5 6 7 8 9 |  9.7
Throwing       | 1 2 3 4 5 6 7 8 9 |  9.7
Armour         | 1 2 3 4 5 6 7 8 9 |  9.7
Dodging        | 1 2 3 4 5 6 7 8 9 |  9.7
Unarmed Combat | 1 2 3 4 5 6 7 8 9 |  9.7
Evocations     | 1 2 3 4 5 6 7 8 9 |  9.7
Conjurations   | 1 2 3 4 5 6 7 8 |  8.2
Hexes          | 1 2 3 4 5 6 7 8 |  8.2
Charms         | 1 2 3 4 5 6 7 8 |  8.2
Necromancy     | 1 2 3 4 5 6 7 8 |  8.2
Transmutations | 1 2 3 4 5 6 7 8 |  8.2
Fire Magic     | 1 2 3 4 5 6 7 8 |  8.2
Ice Magic      | 1 2 3 4 5 6 7 8 |  8.2
Air Magic      | 1 2 3 4 5 6 7 8 |  8.2
Earth Magic    | 1 2 3 4 5 6 7 8 |  8.2
Poison Magic   | 1 2 3 4 5 6 7 8 |  8.2
Shields        | 3 4 5 6 7 8 9 10 | 10.1
Summonings     | 4 5 6 7 8 9 |  9.1
Translocations | 4 5 6 7 8 9 |  9.1
Stealth        | 3 4 5 6 7 8 9 10 | 10.0

Action                   |  1- 3 |  4- 6 |  7- 9 | 10-12 | 13-15 || total
-------------------------+-------+-------+-------+-------+-------++-------
Melee: Dagger            |   135 |       |       |       |       ||   135
       Bite              |    13 |     6 |    24 |    83 |    64 ||   190
       Trident           |     9 |    15 |       |       |       ||    24
       Spear             |       |    71 |       |       |       ||    71
       Rapier            |       |    34 |   129 |   511 |   360 ||  1034
       Unarmed           |       |       |     6 |       |       ||     6
 Fire: Hunting sling     |    14 |     1 |       |       |       ||    15
Throw: Javelin           |     3 |     4 |    13 |     4 |     6 ||    30
 Cast: Confusing Touch   |     2 |     1 |     3 |       |     1 ||     7
       Sticks to Snakes  |       |    11 |    18 |     6 |    12 ||    47
       Gell's Gravitas   |       |       |     9 |    10 |     8 ||    27
       Conjure Flame     |       |       |     8 |     3 |     1 ||    12
       Mephitic Cloud    |       |       |     6 |     3 |     4 ||    13
       Petrify           |       |       |    13 |    79 |    37 ||   129
       Sticky Flame      |       |       |       |     5 |    12 ||    17
       Fireball          |       |       |       |     2 |    27 ||    29
       Inner Flame       |       |       |       |     1 |     4 ||     5
       Dazzling Spray    |       |       |       |       |     8 ||     8
       Invisibility      |       |       |       |       |    16 ||    16
       Blink             |       |       |       |       |     4 ||     4
       Apportation       |       |       |       |       |    14 ||    14
       Passwall          |       |       |       |       |     6 ||     6
Invok: Curse Item        |       |       |     2 |     5 |     1 ||     8
 Abil: Evoke Invisibilit |       |       |       |    18 |     2 ||    20
       Evoke Blink       |       |       |       |     6 |       ||     6
Evoke: Wand              |       |       |     2 |     1 |     4 ||     7
  Use: Potion            |     1 |       |       |     1 |       ||     2
       Scroll            |     1 |     7 |     6 |     4 |    10 ||    28
 Stab: Sleeping          |     1 |     6 |     3 |    28 |    30 ||    68
       Distracted        |       |       |     2 |       |     2 ||     4
       Petrifying        |       |       |     3 |    16 |     4 ||    23
       Confused          |       |       |     2 |       |       ||     2
       Petrified         |       |       |     1 |    28 |     8 ||    37
       Invisible         |       |       |       |    34 |    62 ||    96
       Paralysed         |       |       |       |       |     1 ||     1
  Eat: Chunk             |     2 |    10 |    10 |    37 |    23 ||    82
       Ration            |       |       |     2 |       |     3 ||     5
Armor: Robe              |     4 |       |       |    22 |    22 ||    48
       Ring mail         |    16 |       |       |       |       ||    16
       Chain mail        |    39 |    12 |       |       |       ||    51
       Animal skin       |       |     9 |    23 |    12 |       ||    44
Dodge: Dodged            |    56 |    21 |    53 |   173 |   113 ||   416
Block: Buckler           |    33 |    20 |     8 |       |       ||    61
       Shield            |       |       |    31 |   242 |   196 ||   469
       Reflection        |       |       |       |       |    12 ||    12
